 Dungeon Crawl Stone Soup version 0.30-b1-2-g02819fbbbe (webtiles) character file.

Game seed: 6687070882426148918

133 LLlMATKO the Chopper (level 4, 0/61 HPs)
             Began as a Minotaur Berserker on Oct 6, 2023.
             Was a Believer of Trog.
             Succumbed to a kobold brigand's poison
             ... in a sewer.
             The game lasted 00:03:26 (1854 turns).

LLlMATKO the Chopper (Minotaur Berserker)           Turns: 1854, Time: 00:03:27

Health: 0/61       AC: 10    Str: 23    XL:     4   Next: 94%
Magic:  3/3        EV: 11    Int:  4    God:    Trog [**....]
Gold:   112        SH:  0    Dex: 10    Spells: 3/3 levels left

rFire   . . .        h - +1 war axe
rCold   . . .        (no shield)
rNeg    . . .        j - +0 ring mail
rPois   +            (helmet restricted)
rElec   .            k - +2 cloak {rPois}
rCorr   .            (no gloves)
SInv    +            f - +0 pair of boots
Will    .....        (no amulet) Stlth
                     b - ring of see invisible
HPRegen 0.30/turn    (no ring)
MPRegen 0.08/turn

%: no passive effects
@: berserking (expiring), lethally poisoned (0 -> -6), slowed, very slow
A: horns 2, retaliatory headbutt
a: Renounce Religion, Berserk, Trog's Hand


You were in a sewer.
You worshipped Trog.
Trog was pleased with you.
You visited 1 branch of the dungeon, and saw 3 of its levels.
You also visited: Sewer.

You collected 112 gold pieces.

Inventory:

Hand Weapons
 a - a +0 hand axe
 h - a +1 war axe (weapon)
 o - the +8 whip of Reason {protect, *Slow rPois rC- Will+++}
   (You found it on level 2 of the Dungeon)

   rC:        It makes you vulnerable to cold.
   rPois:     It protects you from poison.
   *Slow:     It may slow you when you take damage.
   Will:      It greatly increases your willpower.
Missiles
 i - 9 poisoned darts (quivered)
Armour
 f - a +0 pair of boots (worn)
 j - a +0 ring mail (worn)
 k - a +2 cloak of poison resistance (worn)
Jewellery
 b - a ring of see invisible (left hand)
Scrolls
 e - 2 scrolls of identify
Potions
 c - 2 potions of curing {unknown}
 d - a potion of magic {unknown}
 g - 3 potions of heal wounds
 l - a potion of cancellation {unknown}
 m - a potion of might {unknown}


   Skills:
 + Level 4.6 Fighting
 + Level 4.6 Axes
 + Level 3.7 Armour
 + Level 3.4 Dodging


You had 3 spell levels left.
You didn't know any spells.
Your spell library was empty.

Dungeon Overview and Level Annotations

Branches:
Dungeon (3/15)              Sewer (1/1)

Altars:
Uskayaw

Shops:
D:2 ?


Innate Abilities, Weirdness & Mutations

You have a pair of horns on your head.
You reflexively headbutt those who attack you in melee.


Message History

You feel extremely sick.
The kobold splashes around in the water.
The kobold barely misses you.
The kobold brigand hits you with a +0 club.
You slash the kobold brigand!
Your headbutt misses the kobold brigand.
The kobold brigand is moderately wounded.
You closely miss the kobold.
You feel very sick. The kobold misses you.
Unknown command.
Your unstable footing causes you to fumble your attack.
You feel very sick.
The kobold shouts!
The kobold splashes around in the water.
The kobold brigand throws a poisoned dart.
The poisoned dart barely misses you.
The kobold brigand hits you with a +0 club.
* * * LOW HITPOINT WARNING * * *
Your unstable footing causes you to fumble your attack.
You feel very sick. The kobold hits you but does no damage.
The kobold brigand hits you with a +0 club!
* * * LOW HITPOINT WARNING * * *
The kobold splashes around in the water.
Unknown command.
Your unstable footing causes you to fumble your attack.
* * * LOW HITPOINT WARNING * * *
You feel sick.
The kobold brigand hits you but does no damage.
The kobold misses you. You furiously retaliate!
You headbutt the kobold!
You kill the kobold!
Trog accepts your kill.
You hear a splash.
The kobold brigand splashes around in the water.
You slash the kobold brigand!
Your headbutt misses the kobold brigand.
The kobold brigand is heavily wounded.
You slash the kobold brigand!
You die...

#.≈≈~.### #.~≈~.#
##.~≈~.##
################.~~≈~~.#
~~~~~~~~~~~~~~~~~~~≈~~.#
################~~~≈~.~#
#~~~≈~..# #.~~≈~~.#
#@K≈≈≈~~# #K)≈≈≈~~#
#~K≈≈≈~~# #~~~K~~.#
#...~~..# ####.#### ..
...


You could see 2 kobold brigands and 2 kobolds.

Vanquished Creatures
  5 adders
  A river rat (Sewer)
  A worm (D:3)
  A dart slug (D:2)
  An orc (D:3)
  7 bats
  6 endoplasms
  5 giant cockroaches
  5 goblins
  7 hobgoblins
  5 jackals
  A quokka (D:1)
  6 ball pythons
  2 frilled lizards
  8 kobolds
  10 rats
71 creatures vanquished.

Notes
Turn   | Place    | Note
-------+----------+-------------------------------------------
     0 | D:1      | LLlMATKO the Minotaur Berserker began the quest for the
                  | Orb.
     0 | D:1      | Reached XP level 1. HP: 19/19 MP: 0/0
    91 | D:1      | Reached XP level 2. HP: 23/27 MP: 1/1
   370 | D:1      | Reached XP level 3. HP: 30/33 MP: 2/2
   439 | D:1      | Reached ** piety under Trog
  1087 | D:2      | Found Soemiaze's Magic Scroll Shoppe.
  1123 | D:2      | Reached XP level 4. HP: 41/41 MP: 3/3
  1146 | D:2      | Identified the +8 whip of Reason {protect, *Slow rPois rC-
                  | Will+++}
  1152 | D:2      | Noticed a golden eye
  1156 | D:2      | Found a faded altar of an unknown god.
  1165 | D:2      | Noticed an eye of devastation
  1165 | D:2      | Noticed a golden eye
  1165 | D:2      | Noticed a floating eye
  1704 | D:3      | Noticed a +0 dagger
  1704 | D:3      | Noticed a +0 hand axe
  1705 | D:3      | Found a hide-covered altar of Uskayaw.
  1744 | D:3      | Found a glowing drain.
  1761 | Sewer    | Entered a sewer
  1844 | Sewer    | Noticed a kobold brigand
  1844 | Sewer    | Noticed a kobold brigand
  1852 | Sewer    | HP: 3/61 [kobold brigand/+0 club (8)]
  1853 | Sewer    | HP: 1/61 [poisoned by a kobold brigand]
  1854 | Sewer    | Succumbed to a kobold brigand's poison

Illustrated notes

Levels and vault maps discovered:
D:1:      minmay_arrival_doors, layout_basic, minmay_misc_feat_four_crosses,
          hangedman_decor_clover_reticule
D:2:      layout_rooms, serial_shops, nicolae_shop_hallway_stairs,
          hellmonk_ecumenical_altar_watching_god, dreamdust_mushroom_princess,
          roderic_lattice_a
D:3:      layout_rooms, mainiacjoe_overflow_six_doors_small,
          dancing_weapons_uskayaw, gup_sewer_entry_glass
Sewer:    sewer_kobolds

Skill      XL: |  1  2  3 |
---------------+----------+-----
Fighting       | 4 |  4.6
Axes           | 4 |  4.6
Armour         | 3 |  3.7
Dodging        | 3 |  3.4

Action                     |  1- 3 |  4- 6 || total
---------------------------+-------+-------++-------
  Melee: Hand axe          |    57 |       ||    57
         Headbutt          |    11 |     6 ||    17
         War axe           |    39 |    54 ||    93
 Invoke: Berserk           |       |     1 ||     1
    Use: Scroll            |       |     5 ||     5
   Stab: Sleeping          |     1 |       ||     1
 Armour: Animal skin       |    17 |       ||    17
         Ring mail         |    14 |    32 ||    46
  Dodge: Dodged            |    62 |    27 ||    89
